 Dungeon Crawl Stone Soup version 0.31-a0-152-g6aa68a64a1 (webtiles) character file.

Game seed: 16560758482677069354

5 qw the Shooter (level 1, 0/19 HPs)
             Began as a Naga Hunter on June 9, 2023.
             Slain by a giant cockroach (1 damage)
             ... on level 1 of the Dungeon.
             The game lasted 00:00:02 (52 turns).

qw the Shooter (Naga Hunter)                          Turns: 52, Time: 00:00:03

Health: 0/19       AC:  1    Str: 13    XL:     1   Next: 80%
Magic:  1/1        EV:  9    Int:  9    God:
Gold:   0          SH:  0    Dex: 14    Spells: 0/0 levels left

rFire   . . .        a - +0 shortbow
rCold   . . .        (shield currently unavailable)
rNeg    . . .        c - +0 leather armour
rPois   +            (no helmet)
rElec   .            (no cloak)
rCorr   .            (no gloves)
SInv    +            (no barding)
Will    .....        (no amulet)
Stlth   ++           (no ring)
HPRegen 0.23/turn    (no ring)
MPRegen 0.07/turn

%: no passive effects
@: very slow
A: AC +0, large, see invisible, deformed body, poison resistance, slowness 2,
spit poison 1, naga tail 1
a: Spit Poison


You were on level 1 of the Dungeon.
You visited 1 branch of the dungeon, and saw 1 of its levels.


Innate Abilities, Weirdness & Mutations

Your serpentine skin is tough. (AC +0)
You have supernaturally acute eyesight. (SInv)
Armour fits poorly on your strangely shaped body.
Your system is resistant to poisons. (rPois)
You cover ground very slowly.
You can spit poison.
You have a snake-like lower body.


   Skills:
 - Level 2.0 Fighting
 + Level 3.9 Ranged Weapons
 - Level 1.5 Dodging
 - Level 1.5 Stealth


You couldn't memorise any spells.
You didn't know any spells.
Your spell library was empty.

Inventory:

Hand Weapons
 a - a +0 shortbow (weapon)
Armour
 c - a +0 leather armour (worn)
Scrolls
 b - a scroll of butterflies
Potions
 d - a potion of lignification {unknown}

Dungeon Overview and Level Annotations

Branches:
Dungeon (1/15)

Altars:


Message History

The jackal barely misses you.
You shoot an arrow.
The arrow hits the jackal but does no damage.
The jackal barely misses you. x2; The jackal closely misses you.
You shoot an arrow. The arrow hits the jackal.
The jackal is heavily wounded.
The giant cockroach waves its antennae.
The jackal closely misses you. The jackal bites you.
You shoot an arrow. The arrow closely misses the jackal.
The jackal looks more healthy.
The jackal barely misses you. The jackal closely misses you.
The jackal bites you but does no damage.
The jackal bites you.
You shoot an arrow. The arrow barely misses the jackal.
You have got your breath back.
The jackal closely misses you. x2; The jackal bites you. x2
47 ||| INVOKING Spit Poison.
Aiming: Spit Poison (3% risk of failure)
Press: ? - help, Shift-Dir - straight line, f/p - jackal The splash of poison misses the jackal.
The jackal closely misses you. The jackal bites you.
You shoot an arrow. The arrow barely misses the jackal.
The jackal bites you. x3; The jackal barely misses you.
You shoot an arrow. The arrow hits the jackal!
You kill the jackal!
The jackal barely misses you. x2
You shoot an arrow.
The arrow barely misses the giant cockroach.
The jackal barely misses you. The giant cockroach closely misses you.
You shoot an arrow. The arrow hits the giant cockroach.
The giant cockroach is lightly wounded.
The jackal bites you.
The giant cockroach waves its antennae.
The giant cockroach bites you. The jackal closely misses you.
The giant cockroach bites you.
You shoot an arrow.
The arrow closely misses the giant cockroach.
You have got your breath back.
The jackal bites you. The giant cockroach bites you.
You die...

## ######...
..##........
.####..#........
.......#........
....?..+........
.......#......#
......h#......#
##B@......#
######.........#
............##...
###.............
#..........#.... ##
+......#........ ..
#......#........ ..
...###....#+#......##
.#
.....####............


You could see a jackal and a giant cockroach.

Vanquished Creatures
  2 ball pythons (D:1)
  A giant cockroach (D:1)
  A jackal (D:1)
4 creatures vanquished.

Notes
Turn   | Place    | Note
-------+----------+-------------------------------------------
     0 | D:1      | qw the Naga Hunter began the quest for the Orb.
     0 | D:1      | Reached XP level 1. HP: 19/19 MP: 1/1
     0 | D:1      | 0 ||| qw: Version: 0.2-a-122-gbc61b45
     0 | D:1      | 0 ||| qw: Game counter: 3472
     0 | D:1      | 0 ||| qw: Always use a shield: true
     0 | D:1      | 0 ||| qw: God list: Okawaru
     0 | D:1      | 0 ||| qw: Allow faded altars: false
     0 | D:1      | 0 ||| qw: Do Orc after D:15 true
     0 | D:1      | 0 ||| qw: Do second Lair branch before Depths: true
     0 | D:1      | 0 ||| qw: Lair rune preference: random
     0 | D:1      | 0 ||| qw: Plans: Normal
     0 | D:1      | 0 ||| PLANNING D:1-11
    38 | D:1      | 38 ||| INVOKING Spit Poison.
    41 | D:1      | 41 ||| INVOKING Spit Poison.
    47 | D:1      | 47 ||| INVOKING Spit Poison.
    51 | D:1      | HP: 3/19 [jackal (3)]
    51 | D:1      | HP: 1/19 [giant cockroach (1)]
    52 | D:1      | Slain by a giant cockroach

Levels and vault maps discovered:
D:1:      dpeg_arrival_arbitrary_b, layout_basic

Action                     || total
---------------------------++-------
   Fire: Shortbow          ||    13
Ability: Spit Poison       ||     3
 Armour: Leather armour    ||     1
  Dodge: Dodged            ||    16

Table legend:
 A = Non-vault XP
 B = Vault XP
 C = Vault XP percentage of total XP
 D = Non-vault monster count
 E = Vault monster count
 F = Vault count percentage of total count
                 A         B        C        D         E       F
            +---------+---------+-------+---------+---------+-------
      Total |       8 |       0 |   0.0 |       4 |       0 |   0.0
            +---------+---------+-------+---------+---------+-------
        D:1 |       8 |       0 |   0.0 |       4 |       0 |   0.0
            +---------+---------+-------+---------+---------+-------
